 Dungeon Crawl Stone Soup version 0.28.0-1-gb440e238dd (webtiles) character file.

Game seed: 17072819819604231103

221 Sanktem7 the Skirmisher (level 5, 0/49 HPs)
             Began as a Minotaur Fighter on Feb 24, 2022.
             Slain by a water moccasin (1 damage)
             ... on level 4 of the Dungeon.
             The game lasted 00:04:10 (3322 turns).

Sanktem7 the Skirmisher (Minotaur Fighter)          Turns: 3322, Time: 00:04:10

Health: 0/49       AC: 12    Str: 23    XL:     5   Next: 65%
Magic:  4/4        EV:  6    Int:  5    God:
Gold:   94         SH:  4    Dex:  9    Spells: 4/4 levels left

rFire   . . .      SeeInvis .   a - +0 war axe {axe}
rCold   . . .      Faith    .   c - +0 buckler
rNeg    . . .      Spirit   .   g - +0 plate armour
rPois   .          Reflect  .   (helmet restricted)
rElec   .          Harm     .   (no cloak)
rCorr   .          Rampage  .   (no gloves)
Will    .....                   (no boots)
Stlth   ..........              n - amulet of the acrobat
HPRegen 0.16/turn               (no ring)
MPRegen 0.09/turn               (no ring)

@: lethally poisoned (0 -> -9)
A: horns 2, retaliatory headbutt
a: no special abilities


You were on level 4 of the Dungeon.
You visited 1 branch of the dungeon, and saw 4 of its levels.

You collected 94 gold pieces.


Innate Abilities, Weirdness & Mutations

You have a pair of horns on your head.
You reflexively headbutt those who attack you in melee.


   Skills:
 * Level 5.6 Fighting
 * Level 4.8 Axes
 + Level 4.7 Armour
 - Level 3.6 Shields


You had 4 spell levels left.
You didn't know any spells.
Your spell library was empty.

Inventory:

Hand Weapons
 a - a +0 war axe (weapon) {axe}
 b - a +0 whip of pain {mace}
   (You took it off a gnoll on level 2 of the Dungeon)
Armour
 c - a +0 buckler (worn)
 g - a +0 plate armour (worn)
   (You found it on level 1 of the Dungeon)
Jewellery
 i - a ring of magical power
   (You found it on level 1 of the Dungeon)
 n - an amulet of the acrobat (around neck)
   (You found it on level 2 of the Dungeon)
Scrolls
 f - 3 scrolls of identify {unknown}
 l - a scroll of immolation {unknown}
 o - a scroll of fog {unknown}
 p - a scroll of enchant armour {unknown}
 q - a scroll of amnesia {unknown}
 r - a scroll of fear {unknown}
 v - 2 scrolls of enchant weapon {unknown}
Potions
 d - a potion of might
 e - a potion of lignification {unknown}
 h - a potion of attraction {unknown}
 j - a potion of curing {unknown}
 k - 2 potions of heal wounds {unknown}
 m - a potion of brilliance {unknown}

Dungeon Overview and Level Annotations

Branches:
Dungeon (4/15)
 Temple: D:4-7

Altars:
Dithmenos

Shops:
D:1 !

Annotations:
D:3 2 transporters

#.# #.# #.# #.#
###.### # #.....# ...
#### ###....S#...#.
... #.....@.......
##.######.#.....######
###.........#.....#
.........†......###
###.#.###########
#...........
###.######## #.# #.#


You could see a water moccasin.


Message History

You now have 94 gold pieces (gained 17).
A goblin comes into view. It is wielding a +0 club.
The goblin shouts!
The goblin misses you.
You hit the goblin. Your headbutt misses the goblin.
The goblin hits you but does no damage.
You slash the goblin!
You kill the goblin!
No target in view!
No target in view!
No target in view!
No target in view!
No target in view!
Things that are here:
a +0 club {mace}; a goblin corpse
Found a shadowy altar of Dithmenos.
Things that are here:
a +0 club {mace}; a goblin corpse An adder comes into view.
An adder is nearby!
An adder is nearby!
The adder hisses angrily.
You block the adder's attack. The adder misses you.
You closely miss the adder. The adder bites you but does no damage.
You hit the adder but do no damage. The adder bites you.
The adder bites you but does no damage. 😕 HP[-3]
You take 3 damage, and now have 45/48 hp.
You slash the adder!
You kill the adder! 😕 HP[+1] No target in view!
No target in view!
A jelly comes into view.
The jelly quivers. 😎 HP[+2]
Your hp is fully restored (48).
A jelly is nearby!
A jelly is nearby!
A jelly is nearby!
A jelly is nearby!
A water moccasin comes into view.
The jelly completely misses you.
You slash the jelly!
Your hands burn!
The jelly hits you but does no damage. 😕 HP[-5]
You take 5 damage, and now have 43/48 hp.
You slash the jelly!
Your hands burn!
Your headbutt misses the jelly.
The jelly hits you but does no damage. 😕 HP[-2]
You take 2 damage, and now have 41/48 hp.
You barely miss the jelly. You closely miss the water moccasin.
The jelly barely misses you. The water moccasin closely misses you.
The jelly barely misses you.
You slash the jelly!
You kill the jelly!
You closely miss the water moccasin. You block the water moccasin's attack.
The water moccasin bites you but does no damage. 😕 HP[+1]
You now have 49 max hp (+1).
You closely miss the water moccasin.
Your headbutt misses the water moccasin.
The water moccasin bites you. x2
You are poisoned.
The water moccasin poisons you! 😮 HP[-6]
You take 6 damage, and now have 36/49 hp.
You closely miss the water moccasin. You headbutt the water moccasin!
You feel very sick. You block the water moccasin's attack.
The water moccasin bites you! 😮 HP[-10]
You take 10 damage, and now have 26/49 hp.
MASSIVE DAMAGE!! (PAUSE)
You closely miss the water moccasin.
You feel sick. The water moccasin bites you.
* * * LOW HITPOINT WARNING * * *
You are lethally poisoned!
The water moccasin poisons you! The water moccasin bites you.
* * * LOW HITPOINT WARNING * * *
😨 HP[-9]
You take 9 damage, and now have 17/49 hp.
You miss the water moccasin.
Your headbutt misses the water moccasin.
* * * LOW HITPOINT WARNING * * *
You feel extremely sick.
The water moccasin bites you but does no damage. 😱 HP[-7]
You take 7 damage, and now have 10/49 hp.
You closely miss the water moccasin.
* * * LOW HITPOINT WARNING * * *
You feel very sick.
The water moccasin bites you but does no damage.
The water moccasin closely misses you. 😱 HP[-5]
You take 5 damage, and now have 5/49 hp.
You hit the water moccasin but do no damage.
* * * LOW HITPOINT WARNING * * *
You feel very sick.
The water moccasin bites you but does no damage.
The water moccasin bites you.
You die...

Skill      XL: |  1  2  3  4 |
---------------+-------------+-----
Fighting       | 4 5 |  5.6
Axes           | 3 4 |  4.8
Armour         | 4 |  4.7
Shields        | |  3.6

Action                   |  1- 3 |  4- 6 || total
-------------------------+-------+-------++-------
Melee: War axe           |    82 |    69 ||   151
       Headbutt          |     5 |    12 ||    17
Armor: Scale mail        |    17 |       ||    17
       Plate armour      |    33 |    44 ||    77
Dodge: Dodged            |    35 |    25 ||    60
Block: Buckler           |    23 |    22 ||    45

Levels and vault maps discovered:
D:1:      dpeg_arrival_subterranean_lakeside_camping, layout_basic,
          serial_shops, nicolae_diamond_shop, minmay_pentomino_s2
D:2:      layout_basic
D:3:      layout_loops_ring, ebering_ecumenical_altar_ruins,
          gammafunk_ghost_gnarly_gnolls
D:4:      layout_loops_ring, nicolae_overflow_hidden_temple,
          minmay_fractal_squares_diagonal_5, uniq_sigmund,
          uniq_crazy_yiuf_cottage, uniq_ijyb, uniq_natasha

Notes
Turn   | Place    | Note
-------+----------+-------------------------------------------
     0 | D:1      | Sanktem7 the Minotaur Fighter began the quest for the Orb.
     0 | D:1      | Reached XP level 1. HP: 19/19 MP: 0/0
     0 | D:1      | magus.rc [v1.9.6]
    82 | D:1      | Reached XP level 2. HP: 24/27 MP: 1/1
   197 | D:1      | Reached skill level 4 in Fighting
   199 | D:1      | Found Qoph's Distillery.
   335 | D:1      | Reached skill level 3 in Axes
   714 | D:1      | Reached skill level 4 in Armour
  1030 | D:2      | Reached XP level 3. HP: 33/33 MP: 2/2
  1887 | D:3      | HP: 1/34 [gnoll (10)]
  2193 | D:2      | Reached XP level 4. HP: 36/41 MP: 3/3
  2194 | D:2      | Reached skill level 4 in Axes
  2203 | D:3      | Reached skill level 5 in Fighting
  2206 | D:3      | HP: 9/42 [gnoll (7)]
  2450 | D:3      | Reached XP level 5. HP: 45/48 MP: 4/4
  2696 | D:3      | Found a faded altar of an unknown god.
  2920 | D:3      | Found a transporter.
  2926 | D:3      | Found a transporter.
  3218 | D:4      | Found a shadowy altar of Dithmenos.
  3312 | D:4      | Noticed a water moccasin
  3320 | D:4      | HP: 10/49 [poisoned by a water moccasin]
  3322 | D:4      | HP: 1/49 [poisoned by a water moccasin]
  3322 | D:4      | Slain by a water moccasin

Vanquished Creatures
  A jelly (D:4)
  An orc wizard (D:2)
  A hound skeleton (D:3)
  4 gnolls
  4 adders
  2 worms (D:3)
  4 dart slugs
  3 orcs (D:3)
  5 bats
  7 endoplasms
  7 goblins
  4 hobgoblins
  A jackal (D:1)
  3 kobolds
  2 quokkas
  7 ball pythons
  3 frilled lizards
  6 rats
65 creatures vanquished.

Vanquished Creatures (others)
  6 plants (D:3)
6 creatures vanquished.

Grand Total: 71 creatures vanquished

Table legend:
 A = Non-vault XP
 B = Vault XP
 C = Vault XP percentage of total XP
 D = Non-vault monster count
 E = Vault monster count
 F = Vault count percentage of total count
                 A         B        C        D         E       F
            +---------+---------+-------+---------+---------+-------
      Total |     304 |      13 |   4.1 |      57 |       8 |  12.3
            +---------+---------+-------+---------+---------+-------
        D:1 |      25 |      13 |  34.2 |      13 |       8 |  38.1
        D:2 |     123 |       0 |   0.0 |      19 |       0 |   0.0
        D:3 |      98 |       0 |   0.0 |      21 |       0 |   0.0
        D:4 |      58 |       0 |   0.0 |       4 |       0 |   0.0
            +---------+---------+-------+---------+---------+-------

Illustrated notes

Table legend:
 A = Kills in this place as a percentage of kills in entire the game.
 B = Kills by you in this place as a percentage of kills by you in the entire game.
 C = Kills by friends in this place as a percentage of kills by friends in the entire game.
 D = Other kills in this place as a percentage of other kills in the entire game.
 E = Experience gained in this place as a percentage of experience gained in the entire game.
 F = Experience gained in this place divided by the number of levels of this place that you have seen.
                   A       B       C       D       E      F
               +-------+-------+-------+-------+-------+----------------------
         Total | 100.0 | 100.0 |   N/A |   N/A | 100.0 |  79.2
       Dungeon | 100.0 | 100.0 |   N/A |   N/A | 100.0 |  79.2
               +-------+-------+-------+-------+-------+----------------------

Table legend: (Time is in decaauts)
 A = Elapsed time spent in this place.
 B = Non-inter-level travel time spent in this place.
 C = Inter-level travel time spent in this place.
 D = Time resting spent in this place.
 E = Time spent auto-exploring this place.
 F = Levels seen in this place.
 G = Mean time per level.
                   A        B        C        D        E       F      G
               +--------+--------+--------+--------+--------+-----+--------+
         Total |   3381 |   3301 |     80 |    516 |   2315 |   4 |  845.2 |
       Dungeon |   3381 |   3301 |     80 |    516 |   2315 |   4 |  845.2 |
               +--------+--------+--------+--------+--------+-----+--------+

Top non-repeatable levels by time:
     D:2: 1442 daAuts
     D:1: 990 daAuts
     D:3: 766 daAuts
     D:4: 181 daAuts
